 Dungeon Crawl Stone Soup version 0.32-a0-411-g744942f433 (webtiles) character file.

Game seed: 13442475796185644431

2 Bravepunisher the Ducker (level 1, -1/11 HPs)
             Began as a Spriggan Monk on Feb 21, 2024.
             Slain by an adder (3 damage)
             ... on level 2 of the Dungeon.
             The game lasted 00:00:28 (127 turns).

Bravepunisher the Ducker (Spriggan Monk)             Turns: 127, Time: 00:00:28

Health: -1/11      AC:  2    Str:  7    XL:     1   Next: 25%
Magic:  2/2        EV: 18    Int: 11    God:
Gold:   0          SH:  0    Dex: 17    Spells: 0/0 levels left

rFire   . . .        a - +0 short sword
rCold   . . .        (no shield)
rNeg    . . .        b - +0 robe
rPois   .            (helmet restricted)
rElec   .            (no cloak)
rCorr   .            (gloves unavailable)
SInv    +            (boots unavailable)
Will    .....        (no amulet)
Stlth   ++           (no ring)
HPRegen 0.21/turn    (no ring)
MPRegen 0.08/turn

%: no passive effects
@: very quick
A: very small, no large weapons, unfitting armour, see invisible, speed 3
a: no special abilities


You were on level 2 of the Dungeon.
You visited 1 branch of the dungeon, and saw 2 of its levels.

Inventory:

Hand Weapons
 a - a +0 short sword (weapon)
Armour
 b - a +0 robe (worn)
Potions
 c - a potion of ambrosia


   Skills:
 + Level 2.4 Fighting
 - Level 3.2 Short Blades
 * Level 4.1 Dodging


You couldn't memorise any spells.
You didn't know any spells.
Your spell library contained the following spells:

 Spells                   Type           Power      Damage    Failure   Level
 Scorch                   Fire           0%         2d5       47%         2
 Flame Wave               Conj/Fire      0%         2d4       98%         4
 Summon Cactus Giant      Summ           0%         N/A       100%        6


Dungeon Overview and Level Annotations

Branches:
Dungeon (2/15)

Altars:


Innate Abilities, Weirdness & Mutations

You are very small and have problems with some larger weapons.
You are too small for most types of armour.
You have supernaturally acute eyesight. (SInv)
You cover ground extremely quickly. (Speed+++)


Message History

Found a chain mail.
An adder comes into view.
Found a sling.
The adder hisses angrily.
The adder moves out of view.
An adder is nearby!
Found a scale mail.
The adder bites you.
You hit the adder.
The adder is moderately wounded.
The adder barely misses you.
You hit the adder.
The adder is heavily wounded.
The adder bites you but does no damage.
You barely miss the adder.
The adder is heavily wounded.
The adder misses you.
You hit the adder but do no damage.
The adder is heavily wounded.
The adder bites you but does no damage.
You hit the adder.
The adder is severely wounded.
The adder bites you.
You are poisoned.
The adder poisons you!
You hit the adder but do no damage.
The adder is severely wounded.
You feel sick. The adder misses you.
You hit the adder but do no damage.
The adder is severely wounded.
You feel sick. The adder completely misses you.
You miss the adder.
The adder is severely wounded.
You feel sick. The adder completely misses you.
You closely miss the adder.
The adder is severely wounded.
You feel sick.
You are no longer poisoned.
The adder bites you.
You die...

######.........#
.......#######..#.. #.#
.####### #..... ...
#### ....# .... ...####
......#..#..
##....#####.#
#.#.#..... ####.......#
#.#.....[.
######..######.#S.)....
#.......####...@....#
...#####......#.##..##
###..###.# .# #### #..
# #..# #..# ...# ..##


You could see an adder.

Vanquished Creatures
  A giant cockroach (D:2)
1 creature vanquished.

Notes
Turn   | Place    | Note
-------+----------+-------------------------------------------
     0 | D:1      | Bravepunisher the Spriggan Monk began the quest for the
                  | Orb.
     0 | D:1      | Reached XP level 1. HP: 11/11 MP: 2/2
   127 | D:2      | Slain by an adder

Illustrated notes

Levels and vault maps discovered:
D:1:      dpeg_arrival_simpleton_a, layout_basic, serial_shops,
          nicolae_shop_real_fake_doors, minmay_tromino_v2
D:2:      layout_rooms, kennysheep_cross_bottleneck,
          amcnicky_mini_rare_corridor_liquid

Action                     || total
---------------------------++-------
  Melee: Short sword       ||    19
 Armour: Robe              ||     6
  Dodge: Dodged            ||    18

Table legend: (Time is in decaauts)
 A = Elapsed time spent in this place.
 B = Non-inter-level travel time spent in this place.
 C = Inter-level travel time spent in this place.
 D = Time resting spent in this place.
 E = Time spent auto-exploring this place.
 F = Levels seen in this place.
 G = Mean time per level.
                   A        B        C        D        E       F      G
               +--------+--------+--------+--------+--------+-----+--------+
         Total |     84 |     84 |      0 |      0 |     31 |   2 |   42.0 |
       Dungeon |     84 |     84 |      0 |      0 |     31 |   2 |   42.0 |
               +--------+--------+--------+--------+--------+-----+--------+

Top non-repeatable levels by time:
     D:2: 48 daAuts
     D:1: 35 daAuts
